 Dungeon Crawl Stone Soup version 0.25.0-26-g0c896c7088 (webtiles) character file.

Game seed: 566802362541973435

103 Peloso the Covered (level 4, -2/35 HPs)
             Began as a Demonspawn Fighter on July 5, 2020.
             Hit by a boomerang thrown by an orc (4 damage)
             ... on level 3 of the Dungeon.
             The game lasted 00:04:12 (1388 turns).

Peloso the Covered (Demonspawn Fighter)             Turns: 1388, Time: 00:04:13

Health: -2/35      AC:  7    Str: 18    XL:     4   Next: 51%
Magic:  4/4        EV:  7    Int:  9    God:
Gold:   118        SH:  9    Dex: 12    Spells: 3/3 levels left

rFire    . . .     SeeInvis .   a - +0 long sword
rCold    . . .     Gourm    .   c - +0 kite shield
rNeg     . . .     Faith    .   b - +0 scale mail
rPois    .         Spirit   .   (helmet restricted)
rElec    .         Reflect  .   (no cloak)
rCorr    .         Harm     .   (no gloves)
MR       .....     Rnd*Tele +   (no boots)
Stlth    ..........             (no amulet)
HPRegen  0.11/turn              h - ring of teleportation (curse)
MPRegen  0.09/turn              (no ring)

@: no status effects
A: antennae 1, demonic guardian 1
a: no special abilities


You were on level 3 of the Dungeon.
You were hungry.

You visited 1 branch of the dungeon, and saw 3 of its levels.

You collected 118 gold pieces.

Inventory:

Hand Weapons
 a - a +0 long sword (weapon)
Armour
 b - a +0 scale mail (worn)
 c - a +0 kite shield (worn)
Jewellery
 h - a cursed ring of teleportation (left hand)
Scrolls
 e - 2 scrolls of fog
 g - a scroll of remove curse {unknown}
 i - 3 scrolls of teleportation
Potions
 d - a potion of might
Comestibles
 f - 3 rations


   Skills:
 + Level 3.2 Fighting
 + Level 2.7 Long Blades
 + Level 3.7 Armour
 + Level 0.2 Dodging
 + Level 3.2 Shields


You had 3 spell levels left.
You didn't know any spells.
Your spell library was empty.

Dungeon Overview and Level Annotations

Branches:
Dungeon (3/15)

Altars:


Innate Abilities, Weirdness & Mutations

You have a pair of small antennae on your head.
A weak demonic guardian rushes to your aid.


Message History

Your quasit claws the jackal but does no damage.
The orc priest invokes the aid of Beogh against you.
Beogh smites you!
* * * LOW HITPOINT WARNING * * *
The orc closely misses your quasit.
Your quasit closely misses the jackal.
Your quasit claws the jackal but does no damage.
Your quasit barely misses the jackal.
The orc priest completely misses your quasit.
The jackal bites you but does no damage.
Okay, then.
Your shield and scale mail prevent you from hitting the hobgoblin.
Your quasit bites the jackal.
Your quasit completely misses the jackal.
Your quasit claws the jackal.
The jackal barely misses you. You block the hobgoblin's attack.
The orc completely misses your quasit.
The orc throws a boomerang.
The boomerang completely misses your quasit.
The boomerang closely misses the jackal.
The boomerang hits you.
You die...

.. . #. . #. ..
#.. ... +..# ...
#...## ..##
#..rh###....##
#$oohh@g......
.....oo5####...#.
......o## ##
#.....# ##...#
##+#


You could see an orc priest, 4 orcs, 3 jackals, a hobgoblin, a rat and a
friendly quasit (summoned).

Vanquished Creatures
  An ooze (D:2)
  A worm (D:2)
  A leopard gecko (D:3)
  3 orcs (D:3)
  A giant cockroach (D:1)
  6 goblins
  5 hobgoblins
  6 bats
  2 frilled lizards
  3 kobolds
  2 rats (D:2)
31 creatures vanquished.

Vanquished Creatures (collateral kills)
  A crimson imp (D:2)
  A centaur zombie (D:2)
  Jessica (D:2)
  Robin (D:2)
  2 hobgoblins (D:2)
  4 goblins (D:2)
10 creatures vanquished.

Grand Total: 41 creatures vanquished

Notes
Turn   | Place    | Note
-------+----------+-------------------------------------------
     0 | D:1      | Peloso the Demonspawn Fighter began the quest for the Orb.
     0 | D:1      | Reached XP level 1. HP: 18/18 MP: 1/1
   527 | D:1      | Gained mutation: A weak demonic guardian rushes to your
                  | aid. [demonic ancestry]
   527 | D:1      | Reached XP level 2. HP: 22/24 MP: 2/2
   938 | D:2      | Noticed Jessica
   941 | D:2      | Noticed a crimson imp
   980 | D:2      | Killed Jessica
   980 | D:2      | Reached XP level 3. HP: 24/29 MP: 3/3
   996 | D:2      | Gained mutation: You have a pair of small antennae on your
                  | head. [demonic ancestry]
   996 | D:2      | Reached XP level 4. HP: 7/35 MP: 4/4
  1009 | D:2      | Noticed Robin
  1024 | D:2      | Killed Robin
  1388 | D:3      | Hit by a boomerang thrown by an orc

Illustrated notes

Levels and vault maps discovered:
D:1:      psy_arrival_dodecagon, layout_loops_ring, minmay_cut_off
D:2:      layout_basic, uniq_robin, uniq_jessica
D:3:      layout_loops_corners, kennysheep_vampire_church,
          kennysheep_slug_shrine, lemuel_doored_altar, uniq_terence

Skill      XL: |  1  2 |
---------------+-------+-----
Armour         | 3 |  3.7
Shields        | 3 |  3.2
Long Blades    | 2 |  2.7
Fighting       | |  3.2
Dodging        | |  0.2

Action                   |  1- 3 |  4- 6 || total
-------------------------+-------+-------++-------
Melee: Long sword        |    63 |    42 ||   105
  Use: Scroll            |     4 |       ||     4
       Potion            |     1 |     1 ||     2
  Eat: Chunk             |       |     1 ||     1
Armor: Scale mail        |    34 |    21 ||    55
Dodge: Dodged            |    17 |    15 ||    32
Block: Kite shield       |    35 |    30 ||    65
       Rpst.: Long sword |     4 |     5 ||     9
